 Dungeon Crawl Stone Soup version 0.29.1-12-g30fa7ad0bf (webtiles) character file.

Game seed: 6281673295348377864

4 hawla the Chiller (level 1, 0/14 HPs)
             Began as a Meteoran Ice Elementalist on Dec 31, 2022.
             Slain by a bat (1 damage)
             ... on level 2 of the Dungeon on Jan 1, 2023.
             The game lasted 00:01:33 (57 turns).

hawla the Chiller (Meteoran Ice Elementalist)         Turns: 57, Time: 00:01:34

Health: 0/14       AC:  2    Str:  9    XL:     1   Next: 85%
Magic:  5/5        EV: 12    Int: 16    God:
Gold:   12         SH:  0    Dex: 14    Spells: 4/5 levels left

rFire   . . .      SeeInvis .   (no weapon)
rCold   . . .      Faith    .   (no shield)
rNeg    . . .      Spirit   .   a - +0 robe
rPois   .          Reflect  .   (no helmet)
rElec   .          Harm     .   (no cloak)
rCorr   .          Rampage  .   (no gloves)
Will    .....                   (no boots)
Stlth   +.........              (no amulet)
HPRegen 0.04/turn               (no ring)
MPRegen 0.09/turn               (no ring)

@: glowing
A: sense surroundings 1, otherworldly, glowing, explore regen
a: no special abilities


You were on level 2 of the Dungeon.
You visited 1 branch of the dungeon, and saw 2 of its levels.

You collected 12 gold pieces.

Inventory:

Armour
 a - a +0 robe (worn)


   Skills:
 + Level 2.5 Dodging
 - Level 1.4 Stealth
 + Level 2.8 Spellcasting
 + Level 4.5 Ice Magic


You had 4 spell levels left.
You knew the following spells:

 Your Spells              Type           Power      Damage    Failure   Level
a - Freeze                Ice            64%        1d8       3%          1

Your spell library contained the following spells:

 Spells                   Type           Power      Damage    Failure   Level
 Frozen Ramparts          Ice            32%        1d5       9%          3
 Ozocubu's Armour         Ice            16%        N/A       9%          3
 Hailstorm                Conj/Ice       9%         3d4       58%         4


Dungeon Overview and Level Annotations

Branches:
Dungeon (2/15) Zot: 1142

Altars:


Innate Abilities, Weirdness & Mutations

You passively map a small area around you.
You are easily found by Zot.
You glow in the dark.
You regain HP and MP as you explore.


Message History

The worm is heavily wounded.
The jackal barks!
The jackal bites you.
* * * LOW HITPOINT WARNING * * *
A jackal comes into view.
The jackal closely misses you. The jackal completely misses you.
The jackal attacks as you move away! The jackal barely misses you.
Casting: Freeze (safe; 3% risk of failure)
Confirm with . or Enter, or press ? or * to list all spells.
Aiming: Freeze (safe; 3% risk of failure)
Press: ? - help, Shift-Dir - straight line, f - jackal, p - worm
Aim: a jackal You freeze the jackal.
The jackal is moderately wounded.
The jackal bites you.
* * * LOW HITPOINT WARNING * * *
The jackal bites you.
* * * LOW HITPOINT WARNING * * *
Casting: Freeze (safe; 3% risk of failure)
Confirm with . or Enter, or press ? or * to list all spells.
Aiming: Freeze (safe; 3% risk of failure)
Press: ? - help, Shift-Dir - straight line, f/p - jackal
Aim: a jackal (moderately wounded)
You freeze the jackal.
You kill the jackal!
A dart slug comes into view.
A bat comes into view.
The dart slug bites you but does no damage.
The bat moves out of view.
The jackal barks!
Saving game... please wait.
Welcome back, hawla the Meteoran Ice Elementalist.
Press ? for a list of commands and other information.
The jackal attacks as you move away! The jackal misses you.
The jackal bites you.
* * * LOW HITPOINT WARNING * * *
The bat closely misses you. Magic courses through your body. The bat hits you.
You die...

* #.# ,* , *
#.#,* * , ##+##
,... ,, , #...#
#.### * , *
#...+, ...., ,
* ,
#...#####.####,
#....h.w.w...#
*
#....####h##.#,
#....†..#@# *
##......#b# , ,
, * #......#.#
* *, ,
+....h.#.# ,
#......#.# ,
#......#.# *
##........ ,
#+#####.# * , ,
.. ,


You could see a dart slug, a jackal and a bat.

Vanquished Creatures
  An endoplasm (D:1)
  A jackal (D:2)
  A ball python (D:1)
  A rat (D:2)
4 creatures vanquished.

Notes
Turn   | Place    | Note
-------+----------+-------------------------------------------
     0 | D:1      | hawla the Meteoran Ice Elementalist began the quest for the
                  | Orb.
     0 | D:1      | Reached XP level 1. HP: 14/14 MP: 5/5
    57 | D:2      | Slain by a bat

Illustrated notes

Levels and vault maps discovered:
D:1:      dpeg_arrival_another_circle, layout_loops_cross,
          minmay_misc_feat_roman
D:2:      layout_basic, shapermc_ecumenical_altar_acropolis, minivault_27,
          uniq_sigmund, uniq_crazy_yiuf_cottage, uniq_terence

Action                   || total
-------------------------++-------
Melee: Unarmed           ||     1
 Cast: Freeze            ||     9
  Use: Potion            ||     1
Armor: Robe              ||     1
Dodge: Dodged            ||     6
